[Event "Early-Titled-Tuesday-Blitz-August-29-2023"]
[Site "Chess.com"]
[Date "2023.08.29"]
[Round "4"]
[White "ATM622"]
[Black "tylityli"]
[Result "1-0"]
[WhiteElo "2507"]
[BlackElo "2341"]
[TimeControl "180+1"]
[EndTime "8:37:30 PDT"]
[Termination "ATM622 won on time"]

1. d4 Nf6 2. c4 e6 3. g3 Bb4+ 4. Nd2 Nc6 5. Nf3 d6 6. Bg2 Qe7 7. O-O Bxd2 8. Bxd2 Ne4 9. Qc2 Nxd2 10. Qxd2 e5 11.
d5 Nb8 12. e4 a5 13. Nh4 Na6 14. f4 exf4 15. Rxf4 f6 16. Nf5 Bxf5 17. exf5 O-O 18. Re1 Qd7 19. Re6 Nc5 20. b3 Rae8 21. Qe3 Nxe6 22.
dxe6 Qc8 23. e7 Rf7 24. Bd5 c6 25. Be6 Rxe7 26. Re4 Qe8 27. Qd4 Rxe6 28. Rxe6 Re7 29. Qxd6 Rxe6 30. fxe6 1-0

[Event "Early-Titled-Tuesday-Blitz-August-29-2023"]
[Site "Chess.com"]
[Date "2023.08.29"]
[Round "4"]
[White "Vaibhavraut99"]
[Black "Alexander_Donchenko"]
[Result "0-1"]
[WhiteElo "2562"]
[BlackElo "2849"]
[TimeControl "180+1"]
[EndTime "8:37:34 PDT"]
[Termination "Alexander_Donchenko won by resignation"]

1. c4 g6 2. Nc3 Bg7 3. g3 Nf6 4. Bg2 Nc6 5. d3 O-O 6. e4 d6 7.
Nge2 Bd7 8. O-O Qc8 9. Re1 Bh3 10. Bh1 e5 11. Nd5 Nxd5 12. cxd5 Ne7 13. Bg5 f6 14. Be3 f5 15. Bg5 Rf7 16. Rc1 h6 17. Bxe7 Rxe7 18. Bg2 f4 19. f3 fxg3 20. hxg3 h5 21. Qd2 Kh7 22. f4 exf4 23. Nxf4 Bh6 24. Qf2 Bxg2 25. Qxg2 Qg4 26. Rf1 Rf8 27. Ne6 Rxf1+ 28. Rxf1 c6 29. Qf3 Qh3 30. Qg2 Be3+ 31. Rf2 Qxg2+ 32. Kxg2 Bxf2 33.
Kxf2 cxd5 34. exd5 Kg8 35. Ke3 Kf7 36. Kf4 Rxe6 37.
dxe6+ Kxe6 38. Kg5 Kf7 39. d4 d5 40. b3 b6 41. a4 a5 42. g4 hxg4 43. Kxg4 Kf6 44. Kf4 g5+ 45. Kg4 Kg6 0-1

[Event "Early-Titled-Tuesday-Blitz-August-29-2023"]
[Site "Chess.com"]
[Date "2023.08.29"]
[Round "4"]
[White "tk22h"]
[Black "supertfc"]
[Result "1/2-1/2"]
[WhiteElo "2456"]
[BlackElo "2302"]
[TimeControl "180+1"]
[EndTime "8:37:36 PDT"]
[Termination "Game drawn by repetition"]

1. c4 e5 2. Nc3 Nc6 3. Nf3 Nf6 4. g3 Bb4 5. Bg2 O-O 6. O-O Bxc3 7. dxc3 d6 8. Ne1 Be6 9. b3 a5 10. Nc2 Qd7 11. Bg5 Ne8 12. e4 h6 13. Bd2 f5 14.
exf5 Bxf5 15. Ne3 Bh3 16. Nd5 Bxg2 17. Kxg2 Ne7 18. f4 Nxd5 19. cxd5 exf4 20. Rxf4 Nf6 21. c4 b6 22. Qf3 Rae8 23. Rf1 Nh7 24. h4 Rxf4 25.
Qxf4 Rf8 26. Qe4 Rxf1 27. Kxf1 Nf6 28. Qf3 Qh3+ 29. Ke2 Qh2+ 30. Kd3 Qg1 31. Kc2 Qa1 32. a4 Qa2+ 33. Kd1 Nd7 34. Qg4 Qxb3+ 35. Ke1 Qb1+ 36. Ke2 Nc5 37. Bxh6 Qd3+ 38. Ke1 Qc3+ 39. Bd2 Qa1+ 40. Ke2 Qxa4 41. Qc8+ Kh7 42. Qf5+ Kg8 43. Qc8+ Kh7 44.
Qf5+ Kg8 45. Qc8+ 1/2-1/2

[Event "Early-Titled-Tuesday-Blitz-August-29-2023"]
[Site "Chess.com"]
[Date "2023.08.29"]
[Round "4"]
[White "Andrei_Skvortsov"]
[Black "Fleetw00dMac"]
[Result "1-0"]
[WhiteElo "2690"]
[BlackElo "2423"]
[TimeControl "180+1"]
[EndTime "8:37:39 PDT"]
[Termination "Andrei_Skvortsov won by resignation"]

1. d4 Nf6 2. Nc3 d5 3. Bf4 a6 4. f3 c5 5. e4 cxd4 6. Qxd4 Nc6 7. Qd2 dxe4 8. Qxd8+ Nxd8 9. Nxe4 Nxe4 10. fxe4 Nc6 11. O-O-O e5 12. Be3 Be6 13. a3 Be7 14. Ne2 h6 15. h4 O-O 16. g3 Rfd8 17. Rxd8+ Rxd8 18. Bb6 Rc8 19. Bh3 Bxh3 20. Rxh3 h5 21. Rh1 Nd8 22. Rd1 Ne6 23. Rd7 Bc5 24. Rxb7 Rc6 25. Ba5 Be3+ 26. Kb1 Rd6 27. Nc3 Bd2 28. Bb4 Rd4 29. Nd5 Bxb4 30. Rxb4 Rd1+ 31. Ka2 Rg1 32. Rb3 Nd4 33. Rb8+ Kh7 34.
c3 Ne6 35. Rb7 Nc5 36. Rxf7 Nxe4 37. Rf5 Nxg3 38. Rg5 g6 39. c4 1-0

[Event "Early-Titled-Tuesday-Blitz-August-29-2023"]
[Site "Chess.com"]
[Date "2023.08.29"]
[Round "4"]
[White "jcreyes69"]
[Black "Cheer_Down"]
[Result "1-0"]
[WhiteElo "2394"]
[BlackElo "2509"]
[TimeControl "180+1"]
[EndTime "8:37:40 PDT"]
[Termination "jcreyes69 won by resignation"]

1. e4 e5 2. Nf3 Nc6 3. Bb5 a6 4. Bxc6 dxc6 5. O-O Qf6 6. d4 exd4 7. Bg5 Qd6 8. Nxd4 Be7 9. Bxe7 Nxe7 10. Nc3 Bd7 11. Nb3 O-O-O 12. Qe2 g5 13. Na5 Kb8 14. b4 Qxb4 15.
Nxb7 Qxc3 16. Qxa6 Nc8 17. Rab1 Nb6 18. Nd6 Bc8 19.
Rxb6+ cxb6 20. Qxb6+ Ka8 21. Rb1 Qe1+ 22. Rxe1 Rxd6 23.
Rb1 1-0

[Event "Early-Titled-Tuesday-Blitz-August-29-2023"]
[Site "Chess.com"]
[Date "2023.08.29"]
[Round "4"]
[White "AradNazari"]
[Black "tetrix83"]
[Result "1-0"]
[WhiteElo "2766"]
[BlackElo "2527"]
[TimeControl "180+1"]
[EndTime "8:37:43 PDT"]
[Termination "AradNazari won on time"]

1. e4 e5 2. f4 d5 3. exd5 exf4 4.
Nf3 Nf6 5. Bb5+ c6 6. dxc6 Nxc6 7. Nc3 Bd6 8. Qe2+ Be6 9. Nd4 O-O 10. Nxe6 fxe6 11. Bxc6 bxc6 12. b3 e5 13. Bb2 e4 14.
O-O-O Re8 15. Rhe1 Kh8 16. Qc4 Qe7 17. Re2 Ba3 18.
Rde1 Bxb2+ 19. Kxb2 Qe5 20. Kb1 Qh5 21. Nxe4 Nxe4 22.
Rxe4 Rxe4 23. Rxe4 Qxh2 24. Qxc6 Rg8 25. Re8 Qg1+ 26.
Kb2 Qd4+ 27. Ka3 h6 28. Rxg8+ Kxg8 29. Qc8+ Kh7 30. Qf5+ Kg8 31. d3 Qd6+ 32. b4 Qd4 33. Kb3 g5 34. Qg6+ Kf8 35. Qxh6+ Ke8 36. Qxg5 1-0

[Event "Early-Titled-Tuesday-Blitz-August-29-2023"]
[Site "Chess.com"]
[Date "2023.08.29"]
[Round "4"]
[White "cristiano78"]
[Black "rikchessmx"]
[Result "0-1"]
[WhiteElo "2224"]
[BlackElo "2447"]
[TimeControl "180+1"]
[EndTime "8:37:43 PDT"]
[Termination "rikchessmx won by resignation"]

1. d4 Nf6 2. c3 e6 3. Nf3 b6 4. Bf4 Bb7 5. e3 Bd6 6. Bxd6 cxd6 7. Nbd2 d5 8. c4 dxc4 9. Nxc4 O-O 10. Nd6 Bc6 11. Rc1 Qe7 12. Nc4 Ne4 13. Be2 Qb4+ 14. Nfd2 b5 15. a3 Qe7 16. Ne5 Nxd2 17. Nxc6 Nxc6 18.
Qxd2 a6 19. Bf3 Rac8 20. O-O d5 21. Rc2 Na7 22. Rfc1 Qb7 23. g3 f5 24. b4 Rxc2 25. Rxc2 Rc8 26. Qc1 Rxc2 27. Qxc2 Qc6 28. Qxc6 Nxc6 29.
Kf1 Na7 30. Ke2 Nc8 31. Kd2 Nb6 32. Be2 Kf7 33. Kc3 Ke7 34. f3 Kd6 35. Bd3 Kc6 36. e4 g6 37. e5 Na4+ 38. Kb3 Kb6 39. f4 Kc6 40. h3 Nb6 41. Kc3 Nc4 42. Bxc4 dxc4 43.
Kc2 Kd5 44. Kc3 h5 45. h4 Ke4 46. a4 Kd5 47. axb5 axb5 0-1

[Event "Early-Titled-Tuesday-Blitz-August-29-2023"]
[Site "Chess.com"]
[Date "2023.08.29"]
[Round "4"]
[White "cthake"]
[Black "Rosh1610"]
[Result "0-1"]
[WhiteElo "1862"]
[BlackElo "2437"]
[TimeControl "180+1"]
[EndTime "8:37:44 PDT"]
[Termination "Rosh1610 won by checkmate"]

1. c4 e6 2. Nc3 d5 3. d4 Nf6 4.
Nf3 c5 5. dxc5 Bxc5 6. cxd5 O-O 7. Bg5 exd5 8. e3 Be6 9. Be2 h6 10. Bxf6 Qxf6 11. O-O Rd8 12. Nd4 Nc6 13. Ncb5 Rac8 14. Nxe6 fxe6 15. Nc3 Ne5 16. Qb3 b6 17. Rad1 Bd6 18.
Nb5 Bb8 19. Nd4 Nd7 20. Bf3 Nc5 21. Qb4 e5 22. Nb3 e4 23. Be2 Qxb2 24. Rd2 Qe5 25. Rfd1 Qxh2+ 26. Kf1 Qh1# 0-1

[Event "Early-Titled-Tuesday-Blitz-August-29-2023"]
[Site "Chess.com"]
[Date "2023.08.29"]
[Round "4"]
[White "XDPS"]
[Black "Kotofeyca"]
[Result "1-0"]
[WhiteElo "2842"]
[BlackElo "2434"]
[TimeControl "180+1"]
[EndTime "8:37:48 PDT"]
[Termination "XDPS won on time"]

1. d4 d5 2. c4 c6 3. Nf3 Nf6 4. Nbd2 Bf5 5. Nh4 Bc8 6. e3 g6 7.
Be2 Bg7 8. O-O O-O 9. b4 a6 10. a4 Nbd7 11. Bb2 Re8 12. Nhf3 Ne4 13. Nxe4 dxe4 14.
Nd2 f5 15. Nb3 Nf6 16. Qc2 Be6 17. Nc5 Qc8 18. Nxe6 Qxe6 19. b5 axb5 20. axb5 Qd7 21. bxc6 bxc6 22. Rxa8 Rxa8 23. h3 Ne8 24. Bc3 Nd6 25.
Rb1 Qe6 26. Bd2 Kh8 27. Rb6 Qd7 28. Bc3 h6 29. Qb3 Kh7 30. c5 Ne8 31. Rb7 Qd8 32. Qf7 Nc7 33. Bc4 Nd5 34. Bxd5 cxd5 35. Rxe7 Qg8 36.
c6 Ra3 37. Bb4 Rb3 38. Qxg8+ Kxg8 39. c7 Rb1+ 40. Kh2 Rc1 41. Bc5 1-0

[Event "Early-Titled-Tuesday-Blitz-August-29-2023"]
[Site "Chess.com"]
[Date "2023.08.29"]
[Round "4"]
[White "Angry_Twin"]
[Black "AnujShrivatri21"]
[Result "1-0"]
[WhiteElo "2967"]
[BlackElo "2826"]
[TimeControl "180+1"]
[EndTime "8:37:52 PDT"]
[Termination "Angry_Twin won by resignation"]

1. e4 e6 2. d4 d5 3. Nd2 c5 4.
exd5 Qxd5 5. Ngf3 cxd4 6. Bc4 Qd7 7. O-O Nc6 8. Nb3 a6 9. Nbxd4 Nxd4 10. Nxd4 Nf6 11.
c3 b5 12. Bb3 Bb7 13. Re1 Bc5 14. Be3 Rc8 15. Nxe6 fxe6 16. Bxe6 Qc6 17. Qf3 Qxe6 18. Qxb7 O-O 19. Bxc5 1-0

[Event "Early-Titled-Tuesday-Blitz-August-29-2023"]
[Site "Chess.com"]
[Date "2023.08.29"]
[Round "4"]
[White "ShiroglanTalibov"]
[Black "zabivol_mc"]
[Result "1-0"]
[WhiteElo "2815"]
[BlackElo "2555"]
[TimeControl "180+1"]
[EndTime "8:37:52 PDT"]
[Termination "ShiroglanTalibov won by resignation"]

1. e4 e5 2. Nf3 Nc6 3. Bb5 a6 4. Ba4 Nge7 5. Nc3 Ng6 6. h4 d6 7. d4 exd4 8. Nxd4 Bd7 9. h5 Nge5 10. Nf5 Bxf5 11. exf5 h6 12. Nd5 Qd7 13. f4 b5 14.
Bb3 Nc4 15. Qe2+ Kd8 16. Bxc4 bxc4 17. Qxc4 Be7 18. Bd2 Rb8 19. Bc3 f6 20. O-O-O Re8 21.
Rhe1 a5 22. g4 Nb4 23. Bxb4 axb4 24. Nxb4 Rb6 25. Nd5 Rb8 26. a4 c6 27. Nxe7 Rxe7 28.
Re6 d5 29. Qxc6 Qxc6 30. Rxc6 Re4 31. Rxd5+ Ke8 32. Re6+ Rxe6 33. fxe6 Rb4 34. b3 Rxf4 35. a5 Rxg4 36. a6 1-0

[Event "Early-Titled-Tuesday-Blitz-August-29-2023"]
[Site "Chess.com"]
[Date "2023.08.29"]
[Round "4"]
[White "Kildepiotr"]
[Black "Truequitos"]
[Result "1-0"]
[WhiteElo "2654"]
[BlackElo "2394"]
[TimeControl "180+1"]
[EndTime "8:37:52 PDT"]
[Termination "Kildepiotr won by checkmate"]

1. Nf3 Nf6 2. g3 d6 3. Bg2 g6 4. d4 Bg7 5. O-O O-O 6. Nbd2 Nc6 7. e4 e5 8. dxe5 dxe5 9. c3 Qe7 10. b4 a6 11. a4 Bg4 12. Qc2 Rfd8 13. Nc4 Bxf3 14.
Bxf3 h6 15. Ba3 b5 16. Ne3 Kh7 17. Be2 Rab8 18. axb5 axb5 19. Bb2 Qe6 20. Ra6 Nxb4 21. Rxe6 Nxc2 22. Rxf6 Nxe3 23. Rxf7 Nxf1 24. Bxf1 c5 25.
Rc7 c4 26. Ba3 Rd2 27. Bh3 Ra8 28. Be7 h5 29. Bf6 Rg8 30. Be6 Kh6 31. Bxg8 Bxf6 32. Rh7+ Kg5 33. h4+ Kg4 34. Kg2 Rd6 35. f3# 1-0

[Event "Early-Titled-Tuesday-Blitz-August-29-2023"]
[Site "Chess.com"]
[Date "2023.08.29"]
[Round "4"]
[White "Diaschess88"]
[Black "Flaccidmoves"]
[Result "1-0"]
[WhiteElo "2659"]
[BlackElo "2476"]
[TimeControl "180+1"]
[EndTime "8:37:52 PDT"]
[Termination "Diaschess88 won by resignation"]

1. e4 Nf6 2. e5 Nd5 3. d4 d6 4. Nf3 dxe5 5. Nxe5 c6 6. Be2 Bf5 7. O-O e6 8. c4 Nf6 9. Nc3 Nbd7 10. Be3 Bd6 11.
f4 Ne4 12. Nxe4 Bxe4 13. Qe1 O-O 14. Rd1 Qe7 15. Bg4 f5 16. Be2 Rad8 17. Qf2 Nf6 18.
h3 Kh8 19. a3 Qc7 20. Rd2 b6 21. Rfd1 c5 22. dxc5 bxc5 23. Rxd6 Rxd6 24. Rxd6 Qxd6 25. Bxc5 Qb8 26. Bxf8 Qxf8 27. Qxa7 Kg8 28. c5 Qd8 29. c6 Nd5 30. Qd7 Qb8 1-0

[Event "Early-Titled-Tuesday-Blitz-August-29-2023"]
[Site "Chess.com"]
[Date "2023.08.29"]
[Round "4"]
[White "Kirill_Klukin"]
[Black "santosalberto1987"]
[Result "1-0"]
[WhiteElo "2804"]
[BlackElo "2550"]
[TimeControl "180+1"]
[EndTime "8:37:58 PDT"]
[Termination "Kirill_Klukin won by checkmate"]

1. d4 d5 2. c4 c6 3. Nc3 Nf6 4. Nf3 dxc4 5. e3 b5 6. a4 b4 7. Na2 e6 8. Bxc4 Bb7 9. O-O Nbd7 10.
Qe2 Be7 11. Rd1 O-O 12. Bd2 a5 13. Be1 Qb6 14. Nc1 c5 15. Nb3 Rfd8 16. Bb5 Rac8 17. Nfd2 cxd4 18. Nc4 Qa7 19. Rxd4 Bc5 20. Nxc5 Nxc5 21.
Rad1 Qa8 22. Nb6 Qb8 23. Nxc8 Rxc8 24. f3 h6 25. Bg3 Qa7 26. Rd8+ Rxd8 27. Rxd8+ Kh7 28.
Qc2+ g6 29. Be5 Kg7 30. Qd2 Na6 31. Bd4 Nc5 32. Bxf6+ Kxf6 33. Qd4+ Ke7 34. Re8# 1-0

[Event "Early-Titled-Tuesday-Blitz-August-29-2023"]
[Site "Chess.com"]
[Date "2023.08.29"]
[Round "4"]
[White "bubeliang"]
[Black "Inepton_Fermion"]
[Result "1-0"]
[WhiteElo "2653"]
[BlackElo "2383"]
[TimeControl "180+1"]
[EndTime "8:37:58 PDT"]
[Termination "bubeliang won on time"]

1. e4 c5 2. c3 d5 3. exd5 Qxd5 4. d4 Nf6 5. Nf3 e6 6. Na3 Nc6 7. Be3 cxd4 8. Nb5 Qd8 9. Nbxd4 Bd7 10. Nxc6 Bxc6 11.
Ne5 Qc7 12. Nxc6 Qxc6 13. Qb3 a6 14. Be2 Qxg2 15. O-O-O Qc6 16. Rhg1 g6 17. Rg3 Bd6 18. Bf3 Qc7 19. Qxb7 Qxb7 20. Bxb7 Bxg3 21. Bxa8 Bxh2 22. Bc6+ Kf8 23. Rd8+ Kg7 24. Bh6+ Kxh6 25. Rxh8 Kg5 26. b4 h5 27. a4 h4 28. b5 axb5 29. axb5 Bc7 30.
c4 Bb6 31. Rb8 Bxf2 32. b6 h3 33. b7 Bg3 34. Rf8 h2 35. Rxf7 Ng4 36. Kd2 1-0

[Event "Early-Titled-Tuesday-Blitz-August-29-2023"]
[Site "Chess.com"]
[Date "2023.08.29"]
[Round "4"]
[White "Cherneevo_23"]
[Black "Fh2411"]
[Result "0-1"]
[WhiteElo "2419"]
[BlackElo "2652"]
[TimeControl "180+1"]
[EndTime "8:37:58 PDT"]
[Termination "Fh2411 won on time"]

1. Nf3 Nf6 2. c4 e6 3. Nc3 d5 4. d4 Bb4 5. Bg5 h6 6. Bxf6 Qxf6 7. e3 O-O 8. Bd3 Rd8 9. O-O c5 10. cxd5 Bxc3 11. bxc3 exd5 12. Ne5 Nc6 13. f4 b6 14. Qa4 Ne7 15. Rae1 Bf5 16. Bxf5 Nxf5 17. Qc6 Qxc6 18. Nxc6 Re8 19. Rf3 Re6 20. Ne5 f6 21. Ng4 cxd4 22. cxd4 Nxd4 23. Rf2 Nf5 24. Rd2 Ne7 0-1

[Event "Early-Titled-Tuesday-Blitz-August-29-2023"]
[Site "Chess.com"]
[Date "2023.08.29"]
[Round "4"]
[White "VladimirKramnik"]
[Black "Vsevolod_Ovchinnikov"]
[Result "0-1"]
[WhiteElo "2942"]
[BlackElo "2623"]
[TimeControl "180+1"]
[EndTime "8:38:00 PDT"]
[Termination "Vsevolod_Ovchinnikov won by resignation"]

1. c4 Nf6 2. Nc3 d5 3. cxd5 Nxd5 4. g3 Nb6 5. Bg2 g6 6. h4 Bg7 7. h5 Nc6 8. d3 Bg4 9. h6 Bf6 10. Bxc6+ bxc6 11. Ne4 Bd4 12. Qc2 Qd5 13. f3 Bd7 14.
e3 Be5 15. d4 f5 16. dxe5 fxe4 17. Qxe4 Qxe4 18. fxe4 Nc4 19. Nf3 O-O 20. Ng5 Nxe5 21. b3 Bg4 22. Kd2 Rad8+ 23. Kc3 Rd3+ 24. Kb4 Rb8+ 25.
Ka4 c5 26. Bb2 Rb4+ 27. Ka5 Nc6+ 0-1

[Event "Early-Titled-Tuesday-Blitz-August-29-2023"]
[Site "Chess.com"]
[Date "2023.08.29"]
[Round "4"]
[White "ShahMatKanal"]
[Black "jerry_77"]
[Result "0-1"]
[WhiteElo "2429"]
[BlackElo "2629"]
[TimeControl "180+1"]
[EndTime "8:38:01 PDT"]
[Termination "jerry_77 won by resignation"]

1. e4 c6 2. d4 d5 3. exd5 cxd5 4.
c4 Nf6 5. Nc3 e6 6. Nf3 Bb4 7.
Bd3 O-O 8. O-O dxc4 9. Bxc4 Nbd7 10. a3 Be7 11. Ba2 Nb6 12. Bf4 h6 13. Re1 Nbd5 14.
Bg3 b6 15. Ne5 Bb7 16. Qe2 Rc8 17. Rac1 Nxc3 18. bxc3 Bxa3 19. Rc2 Bd5 20. c4 Be4 21. Rd2 Bb4 22. Bh4 Bxd2 23. Qxd2 Bf5 24. g4 Bg6 25. g5 Ne4 26. Rxe4 Bxe4 27. f3 Bf5 28.
f4 h5 29. Bf2 Qd6 30. Qb2 Rfd8 31. Be3 a6 32. Qe2 g6 33. Kf2 Qa3 34. c5 bxc5 35. dxc5 Rxc5 36. Bxc5 Qxc5+ 37. Kg3 Qg1+ 38. Kh4 Rd1 39. Nxg6 Bxg6 40. Bxe6 Qe1+ 41. Qxe1 Rxe1 0-1

[Event "Early-Titled-Tuesday-Blitz-August-29-2023"]
[Site "Chess.com"]
[Date "2023.08.29"]
[Round "4"]
[White "Mr_November18"]
[Black "Mmukka"]
[Result "0-1"]
[WhiteElo "1896"]
[BlackElo "2437"]
[TimeControl "180+1"]
[EndTime "8:38:01 PDT"]
[Termination "Mmukka won on time"]

1. e4 c5 2. d4 cxd4 3. c3 d5 4.
exd5 Qxd5 5. cxd4 Nc6 6. Nf3 e6 7. Nc3 Qd6 8. Be2 Nf6 9. O-O Be7 10. Nb5 Qd8 11. Bf4 Nd5 12. Bg3 O-O 13. Bc4 a6 14. Bxd5 axb5 15. Be4 Bf6 16. Ne5 Nxd4 17. Qd3 Nf5 18.
Bxf5 exf5 19. Qxb5 Ra5 20. Qe2 Bxe5 21. Bxe5 Re8 22.
f4 f6 23. Qc4+ Be6 24. Qb4 fxe5 25. fxe5 Rxe5 26. Rad1 Bd5 27. Qd4 Qg5 28. g3 Bc6 29. Qc4+ Kh8 0-1

[Event "Early-Titled-Tuesday-Blitz-August-29-2023"]
[Site "Chess.com"]
[Date "2023.08.29"]
[Round "4"]
[White "ArtemDyachuk"]
[Black "Murad_Ibrahimli"]
[Result "0-1"]
[WhiteElo "2581"]
[BlackElo "2890"]
[TimeControl "180+1"]
[EndTime "8:38:02 PDT"]
[Termination "Murad_Ibrahimli won on time"]

1. e4 g6 2. d4 Bg7 3. Nc3 d6 4. Nf3 a6 5. Be3 b5 6. Qd2 Bb7 7. Bd3 Nd7 8. h4 h6 9. O-O-O e6 10. Rh3 Rc8 11. Rg3 c5 12. h5 g5 13. dxc5 Nxc5 14.
Be2 b4 15. Bxc5 bxc3 16. Qxd6 cxb2+ 17. Kb1 Qxd6 18. Bxd6 Bxe4 19. Ne1 Ne7 20. Bxa6 Rd8 21. Bb5+ Kf8 22. a4 Bf6 23. Re3 Bf5 24. a5 Kg7 25. a6 Nd5 26. Rxd5 exd5 27. Ba3 Rb8 28. Rb3 Rhe8 29.
Nd3 Bxd3 30. Bxe8 Rxb3 0-1

[Event "Early-Titled-Tuesday-Blitz-August-29-2023"]
[Site "Chess.com"]
[Date "2023.08.29"]
[Round "4"]
[White "zozik"]
[Black "AnaKuchava"]
[Result "1/2-1/2"]
[WhiteElo "2364"]
[BlackElo "2195"]
[TimeControl "180+1"]
[EndTime "8:38:02 PDT"]
[Termination "Game drawn by repetition"]

1. d4 d5 2. Nf3 Nf6 3. c4 e6 4.
Nc3 Be7 5. g3 O-O 6. Bg2 c6 7.
O-O b6 8. Nd2 Bb7 9. e4 dxe4 10.
Ndxe4 Nbd7 11. Bf4 Nxe4 12. Nxe4 Nf6 13. Qd2 Qd7 14.
Rad1 Rfd8 15. Rfe1 h6 16. b3 c5 17. Nxf6+ Bxf6 18. d5 exd5 19. Bxd5 Bd4 20. Bxb7 Qxb7 21. Be3 Rd7 22. Bxd4 Rxd4 23. Qe3 Rad8 24. Rxd4 Rxd4 25. Qe7 Qd7 26. h4 Rd1 27. Qxd7 Rxd7 28. Re2 h5 29. Kg2 g6 30. Kf3 Kg7 31. Kf4 Kf6 32. f3 Rd4+ 33.
Ke3 Kf5 34. Rd2 Rxd2 35. Kxd2 f6 36. Ke3 g5 37. Ke2 gxh4 38. gxh4 Kf4 39. Kf2 f5 40. a3 a6 41. b4 a5 42. bxa5 bxa5 43. a4 Ke5 44. Ke3 f4+ 45. Kd3 Kf5 46. Kc3 Ke5 47. Kd3 Kf5 48. Kc3 Ke5 49. Kd3 1/2-1/2

[Event "Early-Titled-Tuesday-Blitz-August-29-2023"]
[Site "Chess.com"]
[Date "2023.08.29"]
[Round "4"]
[White "suyu28"]
[Black "Aswathchess"]
[Result "1-0"]
[WhiteElo "2737"]
[BlackElo "2493"]
[TimeControl "180+1"]
[EndTime "8:38:03 PDT"]
[Termination "suyu28 won by resignation"]

1. d4 Nf6 2. Bf4 d5 3. e3 c5 4.
c3 Nc6 5. Nd2 g6 6. Ngf3 Bg7 7.
Bb5 O-O 8. O-O cxd4 9. exd4 Nh5 10. Be3 Qc7 11. Re1 a6 12. Bf1 Nf4 13. Nb3 Bg4 14.
Qd2 Ne6 15. Be2 a5 16. a4 Qb6 17. Nc1 Nc7 18. h3 Bf5 19. Nd3 Rfe8 20. Bf1 Rad8 21. Bf4 Ne6 22. Be3 Qc7 23. Nh4 Bxd3 24. Bxd3 Qd6 25.
Nf3 Rf8 26. Rad1 f6 27. h4 f5 28. Bh6 Bxh6 29. Qxh6 Qf4 30. Ng5 Nxg5 31. hxg5 Rf7 32.
Re6 Rd6 33. g3 Qg4 34. Be2 Rxe6 35. Bxg4 fxg4 36. Qh4 Re1+ 37. Rxe1 1-0

[Event "Early-Titled-Tuesday-Blitz-August-29-2023"]
[Site "Chess.com"]
[Date "2023.08.29"]
[Round "4"]
[White "chess94cu"]
[Black "topin8"]
[Result "1-0"]
[WhiteElo "2707"]
[BlackElo "2475"]
[TimeControl "180+1"]
[EndTime "8:38:03 PDT"]
[Termination "chess94cu won on time"]

1. e4 c5 2. Nf3 Nc6 3. Bb5 g6 4. O-O Bg7 5. c3 Nf6 6. d4 cxd4 7. cxd4 d5 8. e5 Nd7 9. Nc3 Nb6 10. Bg5 h6 11. Be3 O-O 12. Rc1 Bd7 13. Qd2 Kh7 14. b3 Rc8 15. Ne1 f6 16. Bxc6 Rxc6 17. Nd3 Bf5 18. f4 fxe5 19. fxe5 g5 20. Nc5 Qb8 21. Rxf5 Rxf5 22. Qd3 Qf8 23. Rf1 e6 24. Nxe6 Rxe6 25. Rxf5 Rg6 26. Rxf8 Bxf8 27. Qf5 Kg7 28. a4 Bb4 29.
Nb5 Rc6 30. h4 gxh4 31. e6 1-0

[Event "Early-Titled-Tuesday-Blitz-August-29-2023"]
[Site "Chess.com"]
[Date "2023.08.29"]
[Round "4"]
[White "wannabe2700"]
[Black "crazy_m_attack"]
[Result "1-0"]
[WhiteElo "2641"]
[BlackElo "2337"]
[TimeControl "180+1"]
[EndTime "8:38:06 PDT"]
[Termination "wannabe2700 won by resignation"]

1. Nf3 Nf6 2. d3 d5 3. Nbd2 g6 4. e4 dxe4 5. dxe4 Nc6 6. Bb5 Bd7 7. e5 Nxe5 8. Bxd7+ Nexd7 9. Qe2 Bg7 10. Qb5 Rb8 11. Nb3 O-O 12. Bf4 Nh5 13. Bc1 c6 14. Qa4 a6 15. O-O e5 16. Rd1 Qc7 17. Be3 Nhf6 18. c4 b5 19. Qb4 c5 20. Nxc5 bxc4 21. Qxc4 Rxb2 22. Qc1 Rb5 23. Nxd7 Qxc1 24. Nxf6+ Bxf6 25. Raxc1 Ra5 26. Rc2 e4 27. Nd2 Rd5 28. Rdc1 Bg7 29. Nxe4 f5 30. Nc3 Ra5 31. Bb6 Ra3 32. Bc5 Rxc3 33.
Rxc3 Rf7 34. Rc4 Rc7 35. Bd4 Rd7 36. Rc8+ Kf7 37. R8c7 1-0

[Event "Early-Titled-Tuesday-Blitz-August-29-2023"]
[Site "Chess.com"]
[Date "2023.08.29"]
[Round "4"]
[White "124chess"]
[Black "expii"]
[Result "1-0"]
[WhiteElo "2659"]
[BlackElo "2266"]
[TimeControl "180+1"]
[EndTime "8:38:06 PDT"]
[Termination "124chess won by checkmate"]

1. g3 d5 2. Bg2 Nf6 3. Nf3 c5 4. O-O Nc6 5. d4 cxd4 6. Nxd4 e5 7. Nxc6 bxc6 8. c4 Be7 9. Qa4 Bd7 10. Bg5 O-O 11.
Rd1 Qc7 12. Nc3 d4 13. Ne4 c5 14. Qc2 Rab8 15. Nxf6+ Bxf6 16. Bxf6 gxf6 17. Be4 h6 18. b3 Bc6 19. Bxc6 Qxc6 20. Qf5 Qe6 21. Qh5 Kg7 22. e4 Kh7 23. Rd3 Rg8 24. h4 Rg6 25. Rf3 Rbg8 26. Qf5 Qxf5 27. Rxf5 Kg7 28. Kf1 Rd8 29. Ke2 Kf8 30. Kd3 Ke7 31. Rg1 Rd6 32. f4 Ke6 33. g4 Rd8 34. Rh5 Kd6 35. f5 Rg7 36. Rxh6 Ke7 37. g5 Rgg8 38. Rxf6 Rh8 39.
Rg4 Rh5 40. Ra6 Rdh8 41. Rxa7+ Kd6 42. g6 fxg6 43. Rxg6# 1-0

[Event "Early-Titled-Tuesday-Blitz-August-29-2023"]
[Site "Chess.com"]
[Date "2023.08.29"]
[Round "4"]
[White "Goryachkina"]
[Black "GroovyKettle"]
[Result "0-1"]
[WhiteElo "2648"]
[BlackElo "2907"]
[TimeControl "180+1"]
[EndTime "8:38:07 PDT"]
[Termination "GroovyKettle won on time"]

1. e4 c5 2. Nf3 d6 3. Bb5+ Nd7 4. Ba4 Nf6 5. O-O a6 6. c4 e6 7. Nc3 Be7 8. Re1 O-O 9. d4 cxd4 10. Nxd4 Qc7 11. Qe2 Ne5 12. Bb3 Bd7 13. Bg5 Rfc8 14. Rac1 h6 15. Bd2 Nxc4 16. Bxc4 Qxc4 17. Nd5 Qxe2 18.
Nxe7+ Kf8 19. Ng6+ fxg6 20. Rxe2 Rxc1+ 21. Bxc1 e5 22. Nb3 Rc8 23. Re1 Be6 24. f3 Bxb3 25. axb3 Ke7 26.
Kf1 Rc2 27. Rd1 Ke6 28. b4 g5 29. Kg1 g4 30. Re1 gxf3 31. gxf3 Nh5 32. Rd1 Nf4 33.
Bxf4 exf4 0-1

[Event "Early-Titled-Tuesday-Blitz-August-29-2023"]
[Site "Chess.com"]
[Date "2023.08.29"]
[Round "4"]
[White "gshwbedhkhd"]
[Black "MetiForce"]
[Result "0-1"]
[WhiteElo "2590"]
[BlackElo "2901"]
[TimeControl "180+1"]
[EndTime "8:38:07 PDT"]
[Termination "MetiForce won by resignation"]

1. e4 c5 2. Nf3 d6 3. d4 cxd4 4. Nxd4 Nf6 5. Nc3 Nc6 6. Nd5 Nxd5 7. exd5 Qa5+ 8. Bd2 Qxd5 9. Nb5 Qe6+ 10. Be2 Qd7 11.
c4 e6 12. O-O Be7 13. Bf4 e5 14. Be3 O-O 15. Qd2 b6 16. Rad1 Rd8 17. f4 Bb7 18. Bf3 Na5 19. b3 e4 20. Be2 d5 21.
b4 a6 22. Bxb6 axb5 23. Bxd8 Qxd8 24. bxa5 bxc4 25. Rb1 Bc6 26. Rfd1 Qc7 27. Kh1 Rxa5 28. Rb2 h6 29. Rdb1 Bf6 30. Rb8+ Kh7 31. Bg4 c3 32.
Qc2 Qxf4 33. Bh3 d4 34. Qb3 Be5 0-1

[Event "Early-Titled-Tuesday-Blitz-August-29-2023"]
[Site "Chess.com"]
[Date "2023.08.29"]
[Round "4"]
[White "Magila31"]
[Black "Fraler15"]
[Result "1-0"]
[WhiteElo "2471"]
[BlackElo "2242"]
[TimeControl "180+1"]
[EndTime "8:38:07 PDT"]
[Termination "Magila31 won on time"]

1. d4 d5 2. c4 e6 3. Nc3 Nf6 4.
cxd5 exd5 5. Bg5 Be7 6. e3 O-O 7. Qc2 h6 8. Bf4 c5 9. Nf3 Nc6 10. Be2 cxd4 11. exd4 Bg4 12. Rd1 Rc8 13. O-O Bh5 14.
Ne5 Bxe2 15. Qxe2 Re8 16. Qf3 Bb4 17. Ne2 Ne4 18. Nxf7 Kxf7 19. Bd6+ Qf6 20. Bxb4 Nxb4 21. Qb3 Rc4 22. Nc3 Nxc3 23. bxc3 Nc6 24. Qxb7+ Re7 25.
Qb3 a5 26. h3 a4 27. Qb2 Qf5 28. Rfe1 Rxe1+ 29. Rxe1 Ne7 30. Qb7 Qg5 31. Re3 Kf8 32.
Qd7 1-0